 Dungeon Sprint DCSS version 0.17-a0-2002-g92c7e20 (webtiles) character file.

317 Kidiri the Covert (level 6, 0/28 HPs)
             Began as a Spriggan Enchanter on Oct 8, 2015.
             Was an Initiate of Dithmenos.
             Slain by a spatial vortex (28 damage)
             ... in the Dungeon (Sprint III: "The Ten Rune Challenge").
             The game lasted 00:03:19 (677 turns).

Kidiri the Covert (Spriggan Enchanter)               Turns: 677, Time: 00:03:19

Health: 0/28       AC:  6    Str:  4    XL:     6   Next: 20%
Magic:  14/17      EV: 24    Int: 17    God:    Dithmenos [......]
Gold:   19         SH:  0    Dex: 18    Spells: 5 memorised, 7 levels left

rFire  . . .     SeeInvis +     k - +0 dagger (drain)
rCold  . . .     Clarity  +     l - +2 robe
rNeg   . . .     SustAt   .     (shield restricted)
rPois  .         Gourm    .     (helmet restricted)
rElec  .         Spirit   .     o - +1 cloak
rCorr  .         Warding  .     (gloves unavailable)
rMut   .         NoTele   +     (boots unavailable)
MR     +....                    (no amulet)
Stlth  +++++.....               (no ring)
                                (no ring)

@: very quick, somewhat resistant to hostile enchantments, quite stealthy
A: unfitting armour, horns 1, see invisible, clarity, herbivore 3, speed 3, slow
metabolism 2, no device heal 1
a: Renounce Religion


You were in the Dungeon.
You worshipped Dithmenos.
Dithmenos was noncommittal.
You were not hungry.

You visited 1 branch You collected 19 gold pieces.

Inventory:

Hand Weapons
 k - a +0 dagger of draining (weapon)
Armour
 l - a +2 robe (worn)
 o - a +1 cloak (worn)
Scrolls
 j - a scroll of blinking
 q - a scroll of holy word
 s - a scroll of amnesia {unknown}
 w - a scroll of immolation {unknown}
 x - a scroll of remove curse {unknown}
Potions
 e - a potion of curing
 f - a potion of heal wounds
 g - a potion of haste
 h - 2 potions of magic
 u - 3 potions of cure mutation
 v - 2 potions of flight {unknown}
Comestibles
 d - a bread ration
 t - 2 royal jellies
 z - 3 fruits


   Skills:
 * Level 6.0 Short Blades
 + Level 2.6 Armour
 * Level 8.4 Dodging
 * Level 9.6 Stealth
 * Level 7.0 Spellcasting
 + Level 1.9 Conjurations
 + Level 6.0 Hexes
 + Level 2.5 Ice Magic
 + Level 0.0 Invocations


You had 7 spell levels left.
You knew the following spells:

 Your Spells              Type           Power        Failure   Level  Hunger
a - Corona                Hex            ####...      1%          1    None
b - Ensorcelled Hibernat  Hex/Ice        ###...       2%          2    None
c - Confuse               Hex            ####....     3%          3    ##.....
d - Tukima's Dance        Hex            ####....     3%          3    ##.....
e - Dazzling Spray        Conj/Hex       ###.....     10%         3    ##.....


Dungeon Overview and Level Annotations

Branches:
Dungeon (1/1)

Altars:
Dithmenos
Gozag
Makhleb
Nemelex Xobeh
Qazlal
Ru
Xom
Jiyva
Lugonu


Innate Abilities, Weirdness & Mutations

You are tiny and cannot use many weapons and most armour.
You have supernaturally acute eyesight.
You are a herbivore.
You cover ground extremely quickly.
You need consume almost no food.
You have a pair of small horns on your head.
You possess an exceptional clarity of mind.
Potions and wands are less effective at restoring your health.


Message History

Magic restored.
You start resting.
HP restored.
You open the door.
There is an open door here.
There is a sacrificial altar of Ru, spattered with blood here.
There is a viscous altar of Jiyva here.
There is a shadowy altar of Dithmenos here.
You kneel at the altar of Dithmenos.
Dithmenos welcomes you!
Casting: Dazzling Spray
Confirm with . or Enter, or press ? or * to list all spells.
Aiming: Dazzling Spray
Press: ? - help, Shift-Dir - straight line, f - spatial vortex
Aim: a spatial vortex The spray of energy hits the spatial vortex.
The spatial vortex is lightly damaged.
The spatial vortex hits you!!
Ouch! That really hurt!
You die...

...♣♣♣ ♣.# .....♣ ♣♣.#
...♣♣♣ ♣..# ...≈♣♣
♣♣.###+#+###+##
..≈≈.♣♣♣..#..........#
.≈≈≈≈.♣♣♣.'.⌠........#
.≈≈≈≈≈≈♣..#...######'#
≈≈≈≈≈≈....#.⌠.#__#...#
≈≈≈≈≈.....#...#v@#...#
≈≈≈.......#+###__#...#
..........# #__#...+
....%.....# #_.'...#
▓▓▓▓▓▓▓▓▓▓▓ ▓▓▓▓▓▓▓▓


You could see a spatial vortex.

Vanquished Creatures
  A shadow (D)
  A water elemental (D)
  A jelly (D)
  Crazy Yiuf (D)
  Jessica (D)
  A human (D)
  3 rats (D)
9 creatures vanquished.

Vanquished Creatures (others)
  2 draconian scorchers (D)
  A yaktaur (D)
  2 fire drakes (D)
  6 plants (D)
11 creatures vanquished.

Grand Total: 20 creatures vanquished

Notes
Turn   | Place    | Note
--------------------------------------------------------------
     0 | D        | Kidiri the Spriggan Enchanter began the quest for the Orb.
     0 | D        | Reached XP level 1. HP: 9/9 MP: 5/5
    17 | D        | Noticed Jessica
    21 | D        | Killed Jessica
    21 | D        | Reached skill level 1 in Armour
    21 | D        | Reached skill level 6 in Stealth
    21 | D        | Reached XP level 2. HP: 13/13 MP: 5/7
    45 | D        | Learned a level 2 spell: Ensorcelled Hibernation
    62 | D        | Killed a fire drake
    97 | D        | Reached skill level 5 in Dodging
    97 | D        | Reached XP level 3. HP: 16/16 MP: 5/9
    99 | D        | Killed a yaktaur
   107 | D        | Noticed Crazy Yiuf
   114 | D        | Killed Crazy Yiuf
   114 | D        | Reached skill level 7 in Stealth
   114 | D        | Reached skill level 1 in Ice Magic
   114 | D        | Reached XP level 4. HP: 21/21 MP: 6/11
   119 | D        | Learned a level 3 spell: Confuse
   123 | D        | Learned a level 3 spell: Tukima's Dance
   127 | D        | Learned a level 3 spell: Dazzling Spray
   149 | D        | Gained mutation: You can spit weak poison. [potion of mutation]
   149 | D        | Gained mutation: You are weak. (Str -2) [potion of mutation]
   150 | D        | Gained mutation: Potions and wands are less effective at restoring your health. [potion of mutation]
   150 | D        | Gained mutation: You expend magic power (3 MP) to strengthen your wands. [potion of mutation]
   151 | D        | Lost mutation: You are weak. (Str -2) [potion of cure mutation]
   151 | D        | Lost mutation: You can spit weak poison. [potion of cure mutation]
   151 | D        | Lost mutation: You expend magic power (3 MP) to strengthen your wands. [potion of cure mutation]
   152 | D        | Gained mutation: You possess an exceptional clarity of mind. [potion of mutation]
   152 | D        | Gained mutation: You have a pair of small horns on your head. [potion of mutation]
   182 | D        | Killed a white draconian scorcher
   183 | D        | Noticed a water elemental
   213 | D        | Killed a water elemental
   213 | D        | Reached skill level 8 in Stealth
   213 | D        | Reached skill level 5 in Spellcasting
   213 | D        | Reached skill level 5 in Hexes
   213 | D        | Reached XP level 5. HP: 19/24 MP: 0/14
   226 | D        | Killed a white draconian scorcher
   287 | D        | Killed a fire drake
   355 | D        | Noticed a jelly
   356 | D        | Noticed a shadow
   358 | D        | Killed a shadow
   358 | D        | Reached skill level 5 in Short Blades
   358 | D        | Reached skill level 9 in Stealth
   358 | D        | Reached skill level 1 in Conjurations
   358 | D        | Reached XP level 6. HP: 28/28 MP: 14/16
   362 | D        | Killed a jelly
   367 | D        | Found a stormy altar of Qazlal.
   367 | D        | Noticed a spatial vortex
   368 | D        | Found a sacrificial altar of Ru.
   368 | D        | Found a burning altar of Makhleb.
   368 | D        | Found a viscous altar of Jiyva.
   368 | D        | Found a shimmering altar of Xom.
   368 | D        | Found a shadowy altar of Dithmenos.
   368 | D        | Found a sparkling altar of Nemelex Xobeh.
   368 | D        | Found a corrupted altar of Lugonu.
   368 | D        | Found an opulent altar of Gozag.
   369 | D        | HP: 1/28 [spatial vortex (1)]
   676 | D        | Became a worshipper of Dithmenos the Shadowed
   677 | D        | Slain by a spatial vortex

Vault maps used:
D:        dungeon_sprint_mu

Action                   |  1- 3 |  4- 6 || total
-------------------------+-------+-------++-------
Melee: Dagger            |     8 |    10 ||    18
 Cast: Ensorcelled Hiber |     1 |       ||     1
       Dazzling Spray    |       |     4 ||     4
  Use: Potion            |       |     5 ||     5
       Scroll            |       |     4 ||     4
 Stab: Sleeping          |     4 |     2 ||     6
